 Dungeon Crawl Stone Soup version 0.18-a0-1507-g69458e0 (webtiles) character file.

218 GrosslyIncandescent the Insei (level 5, -8/41 HPs)
             Began as a Mummy Monk on Mar 5, 2016.
             Mangled by a gnoll
             ... wielding a +0 club
              (12 damage)
             ... on level 2 of the Dungeon.
             The game lasted 00:06:33 (10551 turns).

GrosslyIncandescent the Insei (Mummy Monk)         Turns: 10551, Time: 00:06:34

Health: -8/41      AC:  0    Str: 14    XL:     5   Next: 63%
Magic:  5/5        EV: 13    Int: 10    God:
Gold:   40         SH:  0    Dex: 15    Spells: 0 memorised, 4 levels left

rFire  x . .     SeeInvis .       - Unarmed
rCold  + . .     Gourm    .     (no armour)
rNeg   + + +     Faith    .     (no shield)
rPois  ∞         Spirit   .     (no helmet)
rElec  .         Dismiss  .     (no cloak)
rCorr  .         Reflect  .     (no gloves)
SustAt .         Harm     .     (no boots)
MR     .....                    (no amulet)
Stlth  ++........               (no ring)
                                (no ring)

@: not resistant to hostile enchantments, unstealthy
A: no food or potions, fire vulnerability, cold resistance 1, negative energy
resistance 3, torment resistance, unbreathing
a: no special abilities


You were on level 2 of the Dungeon.
You were not hungry.

You visited 1 branch of the dungeon, and saw 2 of its levels.

You collected 40 gold pieces.


Innate Abilities, Weirdness & Mutations

You do not eat or drink.
Your flesh is vulnerable to fire.
You are immune to poison.
Your flesh is cold resistant.
You are immune to negative energy.
You are immune to unholy pain and torment.
You can survive without breathing.


   Skills:
 - Level 3.0 Fighting
 - Level 2.4 Dodging
 - Level 1.5 Stealth
 + Level 5.8 Unarmed Combat


You had 4 spell levels left.
You didn't know any spells.

Inventory:

Hand Weapons
 a - a +0 short sword {T's}
Armour
 f - a +0 robe {JJ's}
Scrolls
 b - a scroll of identify {unknown}
 c - 3 scrolls of magic mapping {unknown}
 d - a scroll of fear {unknown}
 e - a scroll of blinking {unknown}

Dungeon Overview and Level Annotations

Branches:
Dungeon (2/15)

Altars:

Annotations:
D:1 !war gargoyle
D:2 exclusion: upstairs

..........▒.
▒▒▒▒▒▒▒▒▒▒▒▒▒▒.▒▒.
..▒........▒.g..▒.
▒.▒.▒▒▒▒▒▒.▒.▒..▒.
▒.▒....▒....<...▒.
▒.▒....▒.▒.▒.▒.▒▒.
▒.▒▒.▒▒▒.▒.▒......
▒.▒▒.▒...▒g▒.▒.▒▒.
▒M▒▒.▒.▒▒▒g▒.▒....
▒g▒▒...▒ ▒.▒.▒.▒▒▒
▒g▒▒▒▒▒▒▒▒†▒.▒▒▒
▒..!g.g.g..▒.▒
▒.▒▒▒▒▒▒▒▒▒▒ ▒▒▒


You could see 2 gnolls.


Message History

* * * don't die
* * * You closely miss the jackal!
The jackal bites you! * * * don't die
* * * You closely miss the jackal!
The jackal bites you! * * * don't die
* * * You closely miss the jackal!
The jackal barely misses you! The jackal bites you! * * * don't die
* * * You closely miss the jackal!
Your punch misses the jackal! The jackal closely misses you!
You pulverise the jackal but do no damage!
The jackal closely misses you!
You barely miss the jackal! The jackal bites you! * * * don't die
* * * You squash the jackal but do no damage!
You punch the jackal!
The jackal is moderately wounded!
The jackal closely misses you! The jackal barely misses you!
You closely miss the jackal!
The jackal is moderately wounded!
The jackal closely misses you!
You pulverise the jackal!!!
You annihilate the jackal!!!
The gnoll completely misses you!
You see here 2 inky potions!
A giant gecko comes into view!
The helpless giant gecko fails to defend itself!
You beat the giant gecko into a bloody pulp!!!
You annihilate the giant gecko!!!
The gnoll hits you with a club!!! rip

Action                   |  1- 3 |  4- 6 || total
-------------------------+-------+-------++-------
Melee: Unarmed           |   206 |    39 ||   245
 Stab: Sleeping          |     4 |     1 ||     5
       Distracted        |     3 |       ||     3

Vault maps used:
D:1:      evilmike_arrival_run_for_it, minmay_misc_feat_plants, minmay_vboxes
D:2:      cheibriados_altar_1, nicolae_overflow_hidden_temple,
          minmay_rats_cheesy_pizza, uniq_terence, uniq_jessica

Notes
Turn   | Place    | Note
--------------------------------------------------------------
     0 | D:1      | GrosslyIncandescent the Mummy Monk began the quest for the Orb.
     0 | D:1      | Reached XP level 1. HP: 18/18 MP: 1/1
  5906 | D:1      | Reached XP level 2. HP: 24/24 MP: 2/2
  6186 | D:1      | Reached skill level 4 in Unarmed Combat
  6422 | D:1      | Reached XP level 3. HP: 29/29 MP: 3/3
  7561 | D:1      | Noticed a sky beast
  7690 | D:1      | Killed a sky beast
  7690 | D:1      | Reached skill level 5 in Unarmed Combat
  7690 | D:1      | Reached XP level 4. HP: 10/35 MP: 4/4
  7690 | D:1      | Reached XP level 5. HP: 11/41 MP: 5/5
  9839 | D:1      | Noticed a war gargoyle
  9847 | D:1      | HP: 4/41 [war gargoyle/spray of metal splinters (37)]
 10205 | D:2      | Noticed Jessica
 10213 | D:2      | Killed Jessica
 10226 | D:2      | Noticed Terence
 10240 | D:2      | Killed Terence
 10536 | D:2      | HP: 2/41 [jackal (3)]
 10551 | D:2      | Mangled by a gnoll

Vanquished Creatures
  A sky beast (D:1)
  Jessica (D:2)
  Terence (D:2)
  An adder (D:1)
  An ooze (D:1)
  A worm (D:1)
  A dart slug (D:1)
  2 giant geckos
  12 bats
  3 giant cockroaches
  6 goblins (D:1)
  8 hobgoblins (D:1)
  4 jackals
  3 kobolds (D:1)
  A ball python (D:1)
  3 giant newts (D:1)
  8 rats (D:1)
57 creatures vanquished.
